Cogmind - Beta 10.2 @@@ ROGUE MODE // 2021.05.13 @ 02:37:08 Player: thingamajigger Result: Self-destructed Performance ------------- Evolutions (1) 500 Regions Visited (3) 600 Robots Destroyed (20) 100 Value Destroyed (349) 349 Prototype IDs (0) 0 Alien Tech Used (0) 0 Bonus (0) 0 TOTAL SCORE: 1549 Bonus ------- None Cogmind --------- Core Integrity 270/400 Matter 284/300 Energy 100/100 System Corruption 0% Temperature Cool (0) Movement Core (1100) Ox21 Location -9/Materials Parts ------- > --- POWER (1) -------- (None) > --- PROPULSION (2) --- (None) > --- UTILITY (4) ------ High-capacity Storage Unit High-capacity Storage Unit Structural Scanner > --- WEAPON (2) ------- (None) > --- INVENTORY (20) --- Datajack Mining Laser Hammer Peak State ------------ > --- POWER ------------ Light Ion Engine > --- PROPULSION ------- Aluminum Leg > --- UTILITY ---------- High-capacity Storage Unit High-capacity Storage Unit Structural Scanner > --- WEAPON ----------- Spread Laser Light Assault Rifle > --- INVENTORY -------- Datajack Mining Laser Hammer [Rating: 8] Favorites ----------- Power Ion Engine Engine Ion Engine Propulsion Aluminum Leg Treads Light Treads Leg Aluminum Leg Utility High-capacity Storage Unit Device Structural Scanner Storage High-capacity Storage Unit Weapon Assault Rifle Energy Gun Small Laser Ballistic Gun Assault Rifle Special Melee Weapon Datajack Build | -11 -10 -10 -9 ------- Run | Scr Mat Min Mat Slots Evolved 2 | . . . 2 Power . | . . . . Propulsion . | . . . . Utility 2 | . . . 2 Weapon . | . . . . Parts Attached 20 | 6 12 . 2 Power 2 | 1 1 . . Engine 2 | 1 1 . . Core . | . . . . Reactor . | . . . . Propulsion 4 | 2 2 . . Treads 2 | 2 . . . Leg 2 | . 2 . . Wheel . | . . . . Hover . | . . . . Flight . | . . . . Utility 4 | 1 2 . 1 Device 1 | . . . 1 Storage 3 | 1 2 . . Processor . | . . . . Hackware . | . . . . Protection . | . . . . Artifact . | . . . . Weapon 10 | 2 7 . 1 Energy Gun 7 | 1 5 . 1 Energy Cannon . | . . . . Ballistic Gun 2 | 1 1 . . Ballistic Cannon . | . . . . Launcher . | . . . . Special Weapon . | . . . . Impact Weapon . | . . . . Slashing Weapon . | . . . . Piercing Weapon . | . . . . Special Melee Weapon 1 | . 1 . . Unidentified Prototypes . | . . . . Parts Lost 12 | . 7 . 5 Power 2 | . 1 . 1 Propulsion 2 | . . . 2 Utility . | . . . . Weapon 8 | . 6 . 2 Highest Loss Streak 5 | . 5 . 5 Average Slot Usage (%) 91 | . 95 85 62 Engine 12 | . 13 14 10 Treads 10 | . 12 . . Leg 15 | . 15 28 14 Storage 27 | . 27 28 22 Energy Gun 9 | . 11 . . Ballistic Gun 13 | . 13 14 11 Naked Turns . | . . . . Heaviest Build 73 | 13 73 68 72 Greatest Support 40 | 40 40 20 20 Greatest Overweight (x) 7 | . 7 3 7 Average Overweight (x) 1 | . 2 3 3 Largest Inventory Capacity 20 | 6 20 20 20 Average Capacity 18 | 5 19 20 20 Most Carried 5 | 1 4 3 5 Average Carried 2 | . 2 3 4 Final Capacity 20 | 6 20 20 20 Final Carried 3 | 1 3 3 3 Class Distribution -------------------- 91% | Hauler-Mutant 8% | Mutant Dominant Class ---------------- Hauler-Mutant | -10/Materials Hauler-Mutant | -10/Mines Hauler-Mutant | -9/Materials Resources | -11 -10 -10 -9 ----------- Run | Scr Mat Min Mat Matter Collected 511 | 269 242 . . Remotely . | . . . . Salvage Created 586 | 96 451 . 39 Parts 34 | 2 31 . 1 Haulers Intercepted 1 | . 1 . . Recyclers Shooed . | . . . . Parts Field Recycled . | . . . . Retrieved Matter . | . . . . Parts Self-Destructed . | . . . . Prevented . | . . . . Kills | -11 -10 -10 -9 ------- Run | Scr Mat Min Mat Combat Hostiles Destroyed 14 | . 11 . 3 Guns 14 | . 11 . 3 Classes Destroyed 6 | 1 5 . . Worker 2 | . 2 . . Hauler 1 | . 1 . . Recycler 1 | 1 . . . Watcher 2 | . 2 . . Swarmer 8 | . 5 . 3 Grunt 6 | . 6 . . Best Kill Streak 5 | 1 5 . 3 Combat Bots Only 5 | . 5 . 3 Max Kills in Single Turn 1 | 1 1 . 1 Gunslinging . | . . . . Exploded . | . . . . Melee . | . . . . Uniques/NPCs Destroyed . | . . . . Combat | -11 -10 -10 -9 -------- Run | Scr Mat Min Mat Damage Taken 1228 | . 872 . 356 Core 331 | . 201 . 130 Absorbed by Shields . | . . . . Core Remaining (%) 59 | 100 . 19 . Volleys Fired 89 | 3 70 . 16 Largest 2 | 2 2 . 2 Hottest 85 | 70 80 . 85 Shots Fired 144 | 6 119 . 19 Gun 144 | 6 119 . 19 Cannon . | . . . . Launcher . | . . . . Special . | . . . . Kinetic 82 | 3 63 . 16 Thermal 62 | 3 56 . 3 Explosive . | . . . . Electromagnetic . | . . . . Robot Hit Streak 12 | 5 12 . 5 Robot Miss Streak 6 | . 6 . 2 Penetration Max . | . . . . Secondary Targets 1 | . 1 . . Max Gunslinging Chain 1 | . 1 . . Shots Hit Robots 86 | 5 66 . 15 Core Hits 35 | 2 26 . 7 Critical Hits 1 | . 1 . . Critical Kills . | . . . . Critical Parts Destroyed 1 | . 1 . . Melee Attacks 2 | . 2 . . Impact . | . . . . Slashing . | . . . . Piercing . | . . . . Sneak Attacks 2 | . 2 . . Combat Hostiles . | . . . . Follow-up Attacks . | . . . . Damage Inflicted 886 | 63 711 . 112 Guns 886 | 63 711 . 112 Cannons . | . . . . Explosions . | . . . . Melee . | . . . . Ramming . | . . . . Kinetic 471 | 25 358 . 88 Thermal 415 | 38 353 . 24 Explosive . | . . . . Electromagnetic . | . . . . Impact . | . . . . Slashing . | . . . . Piercing . | . . . . Highest Corruption . | . . . . Average Corruption . | . . . . Corruption Purged . | . . . . Overload Shots . | . . . . Overflow Damage . | . . . . Projectiles . | . . . . Explosions . | . . . . Melee . | . . . . Knockbacks . | . . . . Impact . | . . . . Kinetic . | . . . . Secondary . | . . . . Self-Inflicted Damage . | . . . . Shots . | . . . . Rammed . | . . . . Targets Rammed . | . . . . Kicked . | . . . . Crushed . | . . . . Highest Temperature 78 | 27 78 . 68 Average Temperature 25 | 14 25 . 29 Received Heat Transfer 282 | . 228 . 54 Siege Activations . | . . . . Robots Corrupted . | . . . . Combat Hostiles . | . . . . Parts Fried . | . . . . Impact Corruptions . | . . . . Robots Melted . | . . . . Combat Hostiles . | . . . . Parts Melted 1 | . 1 . . Heat Transferred 1001 | 111 860 . 30 Parts Sabotaged . | . . . . Parts Stolen . | . . . . Parts Stripped . | . . . . Power Chain Reactions . | . . . . Missiles Intercepted . | . . . . Alert | -11 -10 -10 -9 ------- Run | Scr Mat Min Mat Peak Influence 222 | 5 222 30 60 Initial 30 | . 3 30 11 Average 61 | 2 74 30 19 Maximum Alert Level 1 | . 1 . . Low Security (%) 92 | 100 90 100 100 Level 1 7 | . 9 . . Level 2 . | . . . . Level 3 . | . . . . Level 4 . | . . . . Level 5 . | . . . . High Security . | . . . . Max Security . | . . . . Squads Dispatched 1 | . 1 . . Investigation . | . . . . Extermination . | . . . . Reinforcement 1 | . 1 . . Assault . | . . . . Garrison . | . . . . Intercept . | . . . . Construction Impeded . | . . . . Haulers Reinforced . | . . . . Stealth | -11 -10 -10 -9 --------- Run | Scr Mat Min Mat Distress Signals 2 | . 2 . . Communications Jammed . | . . . . Distress Signals . | . . . . Times Spotted 27 | . 20 2 5 Peak Tracking Total 6 | . 6 2 5 Tactical Retreats . | . . . . Traps | -11 -10 -10 -9 ------- Run | Scr Mat Min Mat Traps Triggered . | . . . . Indirectly . | . . . . Trap Hack Attempts . | . . . . Triggered . | . . . . Disarmed . | . . . . Reprogrammed . | . . . . Reused . | . . . . Traps Extracted . | . . . . Installed . | . . . . Triggered . | . . . . Machines | -11 -10 -10 -9 ---------- Run | Scr Mat Min Mat Machines Disabled 1 | . 1 . . Max in Single Turn 1 | . 1 . . Machines Sabotaged . | . . . . Garrisons Compromised . | . . . . Overloaded Fab Kills . | . . . . Fab Network Shutdowns . | . . . . Hacking | -11 -10 -10 -9 --------- Run | Scr Mat Min Mat Machines Accessed 3 | . 3 . . Terminals 3 | . 3 . . Fabricators . | . . . . Repair Stations . | . . . . Recycling Units . | . . . . Scanalyzers . | . . . . Garrison Access . | . . . . Total Hacks 7 | . 7 . . Successful 2 | . 2 . . Failed 5 | . 5 . . Catastrophic . | . . . . Database Lockouts . | . . . . Manual 6 | . 6 . . Terminals 7 | . 7 . . Fabricators . | . . . . Repair Stations . | . . . . Recycling Units . | . . . . Scanalyzers . | . . . . Garrison Access . | . . . . Terminal Hacks 1 | . 1 . . Terminal Index 1 | . 1 . . Fabricator Hacks . | . . . . Repair Station Hacks . | . . . . Recycling Unit Hacks . | . . . . Scanalyzer . | . . . . Garrison Access Hacks . | . . . . Unauthorized Hacks 1 | . 1 . . Terminals 1 | . 1 . . Operators 1 | . 1 . . Fabricators . | . . . . Repair Stations . | . . . . Recycling Units . | . . . . Scanalyzers . | . . . . Garrison Access . | . . . . Data Cores Recovered . | . . . . Used . | . . . . Hacking Detections 3 | . 3 . . Full Trace Events . | . . . . Feedback Events . | . . . . Feedback Blocked . | . . . . Robot Schematics Acquired . | . . . . Robots Built . | . . . . Matter . | . . . . Time . | . . . . Total Robot Build Rating . | . . . . Part Schematics Acquired . | . . . . Parts Built . | . . . . Matter . | . . . . Time . | . . . . Total Part Build Rating . | . . . . Parts Repaired . | . . . . Time . | . . . . Parts Recycled . | . . . . Recycled Matter . | . . . . Retrieved Matter . | . . . . Retrieved Components . | . . . . Parts Scanalyzed . | . . . . Part Schematics Acquired . | . . . . Parts Damaged . | . . . . Bothacking | -11 -10 -10 -9 ------------ Run | Scr Mat Min Mat Used RIF Installer . | . . . . Robots Hacked 1 | . 1 . . Non-combat 1 | . 1 . . Combat . | . . . . Robot Hacks Applied 1 | . 1 . . parse_system 1 | . 1 . . Relay Couplers Released . | . . . . Robots Rewired . | . . . . Allies Hacked . | . . . . Hacks Repelled . | . . . . Allies | -11 -10 -10 -9 -------- Run | Scr Mat Min Mat Total Allies . | . . . . Largest Group . | . . . . Highest-Rated Group . | . . . . Highest-Rated Ally . | . . . . Total Orders . | . . . . Ally Attacks . | . . . . Total Damage . | . . . . Kills . | . . . . Allies Corrupted . | . . . . Allies Melted . | . . . . Intel | -11 -10 -10 -9 ------- Run | Scr Mat Min Mat Robot Analysis Total . | . . . . Derelict Logs Recovered . | . . . . Drone Launches . | . . . . Drone Recoveries . | . . . . Exploration | -11 -10 -10 -9 ------------- Run | Scr Mat Min Mat Turns Passed 1102 | 90 852 45 115 Spaces Moved 414 | 46 310 22 36 Core 2 | 2 . . . Treads 188 | 44 144 . . Legs 224 | . 166 22 36 Wheels . | . . . . Hover . | . . . . Flight . | . . . . Fastest Speed 50 | 50 160 210 210 Average Speed 194 | 155 196 210 219 Slowest Speed 330 | 160 330 210 330 Overloaded Moves . | . . . . Propulsion Burnouts . | . . . . Robots Hopped . | . . . . Cave-ins Triggered . | . . . . Exploration Rate (%) 16 | 4 44 13 4 Regions Visited 3 Branch Regions 1 Pre-discovered Areas . | . . . . Known Exits Taken . | . . . . Unknown Exits Taken 3 | 1 1 1 . Scrap Searched . | . . . . Spaces Dug . | . . . . Terrain Destroyed . | . . . . Melee . | . . . . Projectile . | . . . . AOE . | . . . . Terrain Rammed . | . . . . Walls Destroyed . | . . . . Machines Disabled . | . . . . Actions | -11 -10 -10 -9 --------- Run | Scr Mat Min Mat Total 567 | 56 434 21 56 Wait 34 | 1 33 . . Move 411 | 45 309 21 36 Hop . | . . . . Pick Up 8 | 1 5 . 2 Fast Attach 12 | 6 6 . . Attach 5 | . 3 . 2 Detach . | . . . . Swap 3 | . 3 . . Drop 3 | . 3 . . Fire 89 | 3 70 . 16 Melee 2 | . 2 . . Ram . | . . . . Kick . | . . . . Crush . | . . . . Escape Stasis . | . . . . Rewire . | . . . . Trap . | . . . . Miscellaneous . | . . . . Route ------- -11/Scrapyard -10/Materials -10/Mines -9/Materials History --------- Turn | Location | Event 26 | -11/Scrapyard | Discovered new exit (range 15) 91 | -11/Scrapyard | Entered Materials 402 | -10/Materials | Build established: Hauler-Mutant 698 | -10/Materials | Discovered new exit (range 9) 772 | -10/Materials | Core integrity fell below 50% 795 | -10/Materials | Core integrity fell below 20% 832 | -10/Materials | Lost 5 parts (1p4w) 943 | -10/Materials | Entered Mines 954 | -10/Mines | Discovered new exit (range 5) 988 | -10/Mines | Entered Materials 988 | -9/Materials | Evolved 2 slots: Utility x2 1103 | -9/Materials | Self-destructed Last Messages --------------- 00856_ K-01 Serf cleans the Nuclear Reactor. 00860_ Acquired 11 matter. 00866_ Acquired 9 matter. 00895_ W-16 Scout destroyed. 00899_ Acquired 3 matter. 00905_ K-01 Serf collects debris. LOCATION=UNKNOWN GOAL=ESCAPE 00954_ EXIT=FOUND PARAMETERS=UTILITY_2 LOCATION=UNKNOWN GOAL=ESCAPE 01001_ Acquired Spread Laser. 01004_ Acquired Hammer. 01059_ Aluminum Leg destroyed. 01079_ Spread Laser destroyed. 01080_ S-10 Pest destroyed. 01093_ Lgt. Ion Engine destroyed. 01094_ S-10 Pest destroyed. 01102_ Lgt. Assault Rifle destroyed. Map ----- +----------------------------------------------------+ | ??????????????????????????????????? | | ??????????????????????????????????? | | ??????????????????????????????????? | | ??????????????????????????????????? | | ??????????????????????????????????? | | ??????????????????????????????????? | | ??????????????????????????????????? | | ??????????????????????????????????? | | ????????????? ????????????????????? | | ????????????? ????????????????????? | | ????????????? ????????????????????? | | ????????????? ????????????????????? | | ????????????? ????????????????????? | | ????????????? ###?????????????????? | | ????????????# #?????????????????? | | ????????????+ #?????????????????? | | ????????????# #?????????????????? | | ????????????# #?????????????????? | | ????????????# #?????????????????? | | ????????????# #?????????????????? | | ????????????# #?????????????????? | | ############# #?????????????????? | | # """ """ # #?????????????????? | | # """ """ # #?????????????????? | | # """ """%Y% #?????????????????? | | # @ # #?????????????????? | | # ! # #?????????????????? | | # % # #?????????????????? | | ##########+## #?????????????????? | | ?????# # #?????????????????? | | ?????# # #?????????????????? | | ?????# + #?????????????????? | | ?????# !! # #?????????????????? | | ?????# ! # #?????????????????? | | ?????# ! # #?????????????????? | | ?????############?????????????????? | | ??????????????????????????????????? | | ??????????????????????????????????? | | ??????????????????????????????????? | | ??????????????????????????????????? | | ??????????????????????????????????? | | ??????????????????????????????????? | | ??????????????????????????????????? | | ??????????????????????????????????? | | ??????????????????????????????????? | | ??????????????????????????????????? | | ??????????????????????????????????? | | ??????????????????????????????????? | | ??????????????????????????????????? | | ??????????????????????????????????? | +----------------------------------------------------+ Best States ------------- Heat Dissipation 28 Energy Generation 10 Energy Capacity 250 Matter Stores 300 Matter Capacity 300 Sight Range 16 Terrain Scan Density 10 Evasion (%) 40 Recoil Reduction 2 Item Schematics ----------------- None Robot Schematics ------------------ None Fabricated ------------ Nothing Alien Tech Used ----------------- None Achievements -------------- None Challenges ------------ None Game ------ Seed SurgeMappingDoomcannon Manual? 0 Play Time 00:05:48 Cumulative 64.8 hours Start 2021.05.13 @ 02:31:52 End 2021.05.13 @ 02:37:08 Sessions 1 Manual Loads 0 Difficulty Rogue Special Mode None Game No. 124 Rogue 112 Adventurer 4 Explorer 8 Win Type - Total 5 Types 4/0/0/1/0/0/0/0/0 Lore% 54 Gallery% 71 Achievement% 48 Wizard Run 0 Options --------- ASCII 0 Keyboard 1 Movement Numpad Keybinds 0 Fullscreen 1 Font 18/SmallcapsGlow Map View 76x50 Tactical HUD 1 Map Filters NONE Filters NONE Steam 1 RUN: fb23c535-50c4-4f1b-94fb-f6269d4334ec